Unix NetHack Version 5.0.0-0 post-release - last build Jul 19 2026 19:10:59 (3aa4ab31751d3886436d94b585a96704892fd477,branch:main).

Game began 2026-07-24 17:42:43, ended 2026-07-24 19:24:37.

Anarchos, lawful female dwarven Valkyrie

 ---
|..--    .
|...| - |.--..|
 -..--.--.....-- |.-
 --.G..........---...
  |..G......@a........
  --.........a...G..-
   ----............--
      |............|
       -..--.--...--
        -----------

Anarchos the Skirmisher     St:18/05 Dx:11 Co:18 In:9 Wi:8 Ch:9  Lawful
Dlvl:6  $:51 HP:0(42) Pw:4(4) AC:6  Xp:3 T:1683 

Latest messages:
 (For instructions type a '?')
 You hit the lichen.
 The little dog bites the lichen.
 The lichen is killed!
 Where do you want to travel to?
 (For instructions type a '?')
 What do you want to throw? [$ayDFR or ?*] D
 In what direction? 8
 You kill the floating eye!
 D - a hilted polearm.
 S - a scroll labeled PRATYAVAYAH.
 You descend the stairs.
 The little dog misses the gnome lord.
 The little dog bites the gnome lord.
 The little dog misses the gnome lord.
 The little dog bites the gnome lord.
 The gnome lord hits the little dog.
 The little dog bites the gnome.
 The gnome hits the little dog.
 The little dog is killed!
 The gnome drinks a brown potion!
 The gnome looks completely healed.
 You miss the giant ant.
 The giant ant bites!
 You miss the giant ant.
 The giant ant bites!
 The giant ant bites!
 You miss the giant ant.
 The giant ant bites!
 The giant ant bites!
 You hit the giant ant.
 The giant ant bites!
 You miss the giant ant.
 You hear rumbling in the distance.
 The giant ant bites!
 The giant ant bites!
 You miss the giant ant.
 The giant ant bites!
 The giant ant bites!
 You miss the giant ant.
 The giant ant bites!
 You miss the giant ant.
 The giant ant bites!
 The giant ant bites!
 The giant ant bites!
 The giant ant bites!
 The giant ant misses!
 The giant ant bites!
 You die...
 Do you want your possessions identified? [ynq] (y) q

Inventory:
 Coins    ('$')
  $ - 51 gold pieces
 Weapons  (')')
  F - 10 +0 arrows
  R - 4 +0 daggers
  a - a +1 dwarvish spear
  y - a cursed +0 orcish dagger
  j - a cursed -5 spear (weapon in left hand)
  D - a cursed +0 ranseur
 Armor    ('[')
  c - an uncursed +3 small shield (being worn)
 Comestibles  ('%')
  m - an uncursed cram ration
  d - 2 uncursed food rations
  O - an uncursed pancake
  u - a cursed egg
  l - an uncursed lichen corpse
 Scrolls  ('?')
  r - a blessed scroll of confuse monster
  e - an uncursed scroll of confuse monster
  s - an uncursed scroll of enchant armor
  S - an uncursed scroll of identify
 Spellbooks  ('+')
  h - an uncursed spellbook of healing
  t - an uncursed spellbook of healing
  G - an uncursed spellbook of remove curse
  Q - an uncursed spellbook of teleport away
 Potions  ('!')
  x - an uncursed potion of booze
  k - an uncursed potion of confusion
  o - an uncursed potion of sleeping
 Rings    ('=')
  p - an uncursed ring of conflict
  i - an uncursed ring of protection from shape changers (on left hand)
 Tools    ('(')
  q - an empty uncursed bag of holding
  A - an uncursed brass lantern (lit)
  P - an uncursed skeleton key
  N - an uncursed partly used tallow candle
  E - a cursed tin whistle
 Gems/Stones  ('*')
  J - an uncursed worthless piece of blue glass
  v - an uncursed worthless piece of orange glass
  K - an uncursed worthless piece of yellow glass
  M - 2 uncursed worthless pieces of yellowish brown glass

Anarchos the Valkyrie's attributes:

Background:
 You were a Skirmisher, a level 3 dwarven Valkyrie.
 You were lawful, on a mission for Tyr
 who was opposed by Odin (neutral) and Loki (chaotic).
 You were left-handed.
 You were in the Gnomish Mines, on level 6.
 You entered the dungeon 1683 turns ago.
 You had 63 experience points, 17 more were needed to attain level 4.

Basics:
 You had 0 out of 42 hit points.
 You had all 4 energy points (spell power).
 Your armor class was 6.
 Your wallet contained 51 zorkmids.
 Autopickup was on for all types.

Final Characteristics:
 Your strength was 18/05 (limit:18/100).
 Your dexterity was 11 (limit:20).
 Your constitution was 18 (limit:20).
 Your intelligence was 9 (limit:16).
 Your wisdom was 8 (limit:16).
 Your charisma was 9 (limit:16).

Final Status:
 You weren't hungry.
 You were unencumbered.
 You were wielding a spear.
 You had basic skill with spear.

Final Attributes:
 You were devoutly aligned.
 You were cold resistant.
 You had infravision.
 You were stealthy.
 You were protected from shape changers.
 You are dead.

Miscellaneous:
 You didn't encounter any bones levels.
 Total elapsed playing time was 1 hour, 6 minutes and 35 seconds.

Major events:
 Turn
    1: Anarchos the lawful dwarven Valkyrie entered the dungeon
 1249: entered the Gnomish Mines
 1273: attained the rank of Skirmisher (level 3)
 1683: killed by a giant ant

You didn't know any spells.

Skills:
 Fighting Skills
   bare handed combat [Unskilled]
   two weapon combat  [Unskilled]
   riding             [Unskilled]
 Weapon Skills
   dagger             [Basic]
   axe                [Unskilled]
   pick-axe           [Unskilled]
   short sword        [Unskilled]
   broadsword         [Unskilled]
   long sword         [Unskilled]
   two-handed sword   [Unskilled]
   saber              [Unskilled]
   hammer             [Unskilled]
   quarterstaff       [Unskilled]
   polearms           [Unskilled]
   spear              [Basic]
   trident            [Unskilled]
   lance              [Unskilled]
   sling              [Unskilled]
 Spellcasting Skills
   attack spells      [Unskilled]
   escape spells      [Unskilled]

Voluntary challenges:
 Character rerolling was not enabled.
 You never genocided any monsters.
 You never polymorphed an object.
 You never changed form.
 You used no wishes.
Achievements:
 You entered the Gnomish Mines.
 You attained the rank of Skirmisher.

 The Dungeons of Doom: levels 1 to 4
    Level 1:
    Level 2:
    Level 3:
    Level 4:
       Stairs down to The Gnomish Mines.
 The Gnomish Mines: levels 5 to 6
    Level 5:
    Level 6: <- You were here.
       Final resting place for
          you, killed by a giant ant.


Vanquished creatures:
  a straw golem
  a little dog
  a floating eye
  a rothe
 an iguana
  2 coyotes
  a yellow mold
  7 gnomes
  3 geckos
  8 jackals
  2 kobolds
  a goblin
  2 sewer rats
  4 grid bugs
  4 lichens
  a newt
40 creatures vanquished.

No species were genocided or became extinct.

Game over:
                       ----------
                      /          \
                     /    REST    \
                    /      IN      \
                   /     PEACE      \
                  /                  \
                  |     Anarchos     |
                  |      51 Au       |
                  |   killed by a    |
                  |    giant ant     |
                  |                  |
                  |                  |
                  |       2026       |
                 *|     *  *  *      | *
        _________)/\\_//(\/(/\)/\//\/|_)_______

Farvel Anarchos the Valkyrie...

You died in The Gnomish Mines on dungeon level 6 with 578 points,
and 51 pieces of gold, after 1683 moves.
You were level 3 with a maximum of 42 hit points when you died.

